 Dungeon Crawl Stone Soup version 0.22-a0-605-g9281fa2 (webtiles) character file.

127539 sking99 the Executioner (level 16, -4/144 HPs)
             Began as a Minotaur Berserker on July 8, 2018.
             Was a High Priest of Trog.
             Engulfed by a ghost crab's spectral mist (9 damage)
             ... on level 3 of the Swamp.
             The game lasted 01:06:57 (28335 turns).

sking99 the Executioner (Minotaur Berserker)       Turns: 28335, Time: 01:06:58

Health: -4/144     AC: 23    Str: 22    XL:     16   Next: 46%
Magic:  19/19      EV: 16    Int:  4    God:    Trog [*****.]
Gold:   2846       SH:  3    Dex: 20    Spells: 15/15 levels left

rFire    + + .     SeeInvis .   (no weapon)
rCold    + . .     Gourm    .   (no shield)
rNeg     . . .     Faith    .   v - +0 plate armour
rPois    .         Spirit   .   (helmet restricted)
rElec    .         Reflect  +   P - +0 cloak of Gluttony {rF+ Regen+ Dex-2 Stlth+}
rCorr    .         Harm     .   S - +0 pair of gloves (curse)
MR       +++..                  x - +2 pair of boots of Inoluesch {+Fly Dex+5}
Stlth    ..........             u - +3 amulet of reflection
HPRegen  1.74/turn              w - ring of protection from fire
MPRegen  0.16/turn              o - ring of protection from cold (curse)

@: regenerating, drained
A: retaliatory headbutt, horns 2
a: Berserk, Trog's Hand, Brothers in Arms, Renounce Religion, Evoke Flight


You were on level 3 of the Swamp.
You worshipped Trog.
Trog was extremely pleased with you.
You were not hungry.

You visited 4 branches of the dungeon, and saw 26 of its levels.
You also visited: Sewer and Ossuary.

You collected 2846 gold pieces.

Inventory:

Hand Weapons
 b - a +8 executioner's axe of freezing
 U - a +2 shortbow of flaming
Armour
 v - a +0 plate armour (worn)
 x - the +2 pair of boots of Inoluesch (worn) {+Fly Dex+5}
   (You found it on level 1 of the Lair of Beasts)

   It affects your dexterity (+5).
   It lets you fly.
 P - the +0 cloak of Gluttony (worn) {rF+ Regen+ Dex-2 Stlth+}
   (You found it on level 5 of the Lair of Beasts)

   It affects your dexterity (-2).
   It protects you from fire.
   It increases your rate of regeneration.
   It makes you more stealthy.
 S - a cursed +0 pair of gloves (worn)
Jewellery
 a - an uncursed amulet of faith {unknown}
 o - a cursed ring of protection from cold (right hand)
 s - an uncursed ring of ice
 u - a +3 amulet of reflection (around neck)
 w - a ring of protection from fire (left hand)
 y - an uncursed ring of stealth
 Q - an uncursed amulet of the gourmand {unknown}
 V - an uncursed amulet of the acrobat {unknown}
Wands
 n - a wand of acid (12)
 r - a wand of clouds (6)
 E - a wand of iceblast (7)
 M - a wand of scattershot (11)
 R - a wand of random effects (57)
 T - a wand of polymorph (9)
 W - a wand of disintegration (18)
 X - a wand of paralysis (13)
 Z - a wand of flame (10)
Scrolls
 k - 3 scrolls of immolation
 p - 16 scrolls of remove curse
 z - 7 scrolls of teleportation
 A - 3 scrolls of fog
 C - 2 scrolls of vulnerability {unknown}
 F - 14 scrolls of identify
 G - 4 scrolls of enchant armour
 H - a scroll of fear
 J - a scroll of blinking
 L - a scroll of brand weapon {unknown}
 O - 3 scrolls of magic mapping
Potions
 d - 8 potions of flight
 e - 6 potions of ambrosia
 f - 2 potions of mutation
 g - 6 potions of haste
 h - a potion of resistance {unknown}
 i - 3 potions of cancellation
 j - 5 potions of brilliance
 l - 2 potions of heal wounds
 m - 3 potions of lignification
 q - 3 potions of might
 t - 10 potions of curing
 B - 3 potions of magic
 D - 3 potions of agility
Miscellaneous
 I - a fan of gales
 K - a phial of floods
 N - a lamp of fire
Comestibles
 c - 27 rations


   Skills:
 + Level 13.6(13.1) Fighting
 * Level 21.4(20.9) Axes
 - Level 15.0(14.5) Armour
 + Level 14.9(14.5) Dodging
 + Level 6.2(5.9) Evocations


You had 15 spell levels left.
You didn't know any spells.
Your spell library was empty.

Dungeon Overview and Level Annotations

Branches:
Dungeon (15/15)            Temple (0/1) D:7            Lair (6/6) D:8
  Swamp (3/4) Lair:4       Spider (0/4) Lair:2        Slime (0/5) Lair:5
    Orc (2/2) D:11            Elf (0/3) Orc:2        Vaults (0/5) D:13
 Depths (0/5) D:15

Altars:
Cheibriados
Elyvilon
Gozag
Okawaru
Ru
Xom
The Shining One

Shops:
D:14 (   Orc:2 =%!}(

Portals:
Pandemonium: Orc:2

Annotations:
D:12 1 exclusion
Lair:1 exclusions: electric eel and plant
Lair:3 exclusion: 4 oklob plants


Innate Abilities, Weirdness & Mutations

You reflexively headbutt those who attack you in melee.
You have a pair of horns on your head.


Message History

The ghost crab bites you.
* * * LOW HITPOINT WARNING * * *
The ghost crab claws you.
* * * LOW HITPOINT WARNING * * *
The spectral swamp dragon closely misses you.
The spectral swamp dragon barely misses you. x2
The tyrant leech is engulfed in spectral mist.
The tyrant leech misses you.
You feel better.
You are engulfed in spectral mist.
* * * LOW HITPOINT WARNING * * *
You block the spectral alligator's attack.
The spectral alligator tail-slaps you but does no damage.
The ghost crab breathes spectral mist at you.
The spectral mist engulfs you!
The spectral swamp dragon barely misses you. x2
The spectral swamp dragon tramples you but does no damage.
You barely miss the ghost crab.
The ghost crab is almost destroyed.
You are engulfed in spectral mist.
You die...

...♣♣♣.§.§♣♣♣♣.≈
..♣.≈..†Z#.♣≈≈≈♣≈
.....≈.§)#.≈.♣...
..♣..≈...#....≈≈.
# ♣♣♣......§..♣..
... ♣♣.§Z...§.≈≈.≈
....♣..###...≈≈≈.≈
.#.?...###.....≈≈.
.......Z@ZZ..♣.≈..
...####w§t§§...≈≈≈
.. .."§#....≈.≈≈≈
#.##...♣....≈≈≈ ..
...♣♣..♣..≈≈ .§
≈♣♣♣♣ .≈♣<.≈♣ . ..
♣≈♣ ≈.♣ .. ..


You could see a tyrant leech, a ghost crab, a spectral alligator and 2 spectral
swamp dragons.

Vanquished Creatures
  3 thorn hunters
  4 dire elephants (Lair:6)
  Snorg (D:11)
  Josephine (Orc:1)
  4 hydras
  5 vault guards (D:13)
  2 ghost crabs (Swamp:2)
  2 centaur warriors
  9 alligators
  10 two-headed ogres
  An anaconda (Lair:6)
  An ogre mage (D:15)
  5 tengu warriors
  4 orc high priests (Orc:2)
  A vampire mage (D:15)
  Nergalle (Lair:2)
  A fire crab (shapeshifter) (D:15)
  A soul eater (Orc:2)
  2 skeletal warriors (D:15)
  A spriggan druid (Swamp:2)
  2 wizards
  2 unseen horrors
  2 gelid demonspawn (Orc:2)
  2 shambling mangroves
  An infernal demonspawn (Orc:2)
  A lindwurm (Lair:4)
  2 deep elf magi
  5 orc knights (Orc:2)
  3 swamp dragons (Swamp:2)
  A necromancer (D:15)
  A torturous demonspawn (Orc:2)
  A manticore (D:15)
  9 orc sorcerers
  2 cyclopes (D:14)
  An iron dragon zombie (D:15)
  14 ugly things
  3 black mambas
  24 elephants
  A smoke demon (Orc:2)
  2 gargoyles
  13 spiny frogs
  A torpor snail (Lair:6)
  A yaktaur (D:12)
  A kobold demonologist (D:13)
  2 rime drakes
  An ice devil (Orc:2)
  7 komodo dragons
  A hellwing (Orc:2)
  A spriggan skeleton (D:15)
  2 polar bears
  A tengu conjurer (D:15)
  4 jumping spiders (Lair:2)
  9 trolls
  4 tyrant leeches (Swamp:2)
  4 hornets
  13 slime creatures
  A spriggan zombie (D:15)
  26 blink frogs
  4 hippogriffs
  5 bog bodies
  4 dream sheep (Lair:6)
  3 redbacks (Lair:2)
  3 spriggans
  A spriggan (shapeshifter) (D:15)
  2 shadows
  Sigmund (D:3)
  2 vampires
  4 wyverns
  A human (D:13)
  6 wraiths
  36 yaks
  A basilisk (Lair:5)
  A neqoxec (Orc:2)
  12 vampire mosquitoes
  4 hungry ghosts
  2 steam dragons
  A chaos spawn (Orc:2)
  Menkaure (D:7)
  2 wargs
  8 swamp worms
  2 acid dragons
  4 insubstantial wisps (Lair:4)
  13 water moccasins
  7 porcupines
  9 swamp drakes
  5 phantoms
  4 ice beasts
  A black bear (D:9)
  2 sky beasts
  A hornet zombie (D:15)
  28 orc warriors
  10 ogres
  22 wolves
  12 centaurs
  10 crocodiles
  3 big kobolds
  14 bullfrogs
  A gnoll sergeant (D:10)
  A wyvern skeleton (D:14)
  9 scorpions
  A water moccasin skeleton (D:11)
  8 killer bees
  A tengu skeleton (D:15)
  5 wights (D:11)
  3 crimson imps
  10 centaur zombies
  A human zombie (Ossuary)
  7 hounds
  A bullfrog zombie (D:5)
  10 jellies
  4 bullfrog skeletons
  5 centaur skeletons
  32 orc priests
  Terence (D:2)
  4 iguanas
  18 orc wizards
  Natasha (twice) (D:2)
  6 hell rats (Lair:6)
  11 worker ants
  3 big kobold zombies (Ossuary)
  4 mummies
  9 gnolls
  20 adders
  4 river rats (Sewer)
  4 scorpion zombies (Ossuary)
  5 shadow imps
  An ooze (Lair:5)
  A worm (D:2)
  A dart slug (D:3)
  4 leopard geckos
  77 orcs
  4 ball pythons
  5 giant cockroaches
  8 goblins
  11 hobgoblins
  10 jackals
  A ball python skeleton (D:4)
  5 bats
  5 frilled lizards
  A gnoll zombie (Ossuary)
  A goblin zombie (Ossuary)
  A hobgoblin zombie (Ossuary)
  39 kobolds
  A kobold zombie (Ossuary)
  27 rats
  3 briar patches (Swamp:3)
  6 fungi
  8 plants
891 creatures vanquished.

Vanquished Creatures (collateral kills)
  2 hydras
  A two-headed ogre (D:9)
  2 orc sorcerers (Orc:2)
  2 spiny frogs (Lair:1)
  A komodo dragon (Lair:1)
8 creatures vanquished.

Vanquished Creatures (others)
  A hydra (Swamp:1)
  An alligator (Swamp:1)
  A swamp worm (Swamp:3)
  A centaur (D:15)
  An orc priest (Orc:2)
  22 fungi
  19 plants
  2 withered plants (D:15)
48 creatures vanquished.

Grand Total: 947 creatures vanquished

Notes
Turn   | Place    | Note
-------+----------+-------------------------------------------
     0 | D:1      | sking99 the Minotaur Berserker began the quest for the Orb.
     0 | D:1      | Reached XP level 1. HP: 19/19 MP: 0/0
    69 | D:1      | Reached skill level 4 in Axes
   216 | D:1      | Reached XP level 2. HP: 27/27 MP: 1/1
   366 | D:1      | Reached ** piety under Trog
   577 | D:2      | Reached XP level 3. HP: 33/33 MP: 2/2
   752 | D:2      | Reached skill level 5 in Axes
  1325 | D:2      | Noticed Natasha
  1332 | D:2      | Killed Natasha
  1332 | D:2      | Reached XP level 4. HP: 30/41 MP: 3/3
  1687 | D:2      | Noticed Terence
  1693 | D:2      | Killed Terence
  1753 | D:2      | Found a snail-covered altar of Cheibriados.
  1770 | D:2      | Found a white marble altar of Elyvilon.
  1772 | D:2      | Found a glowing golden altar of the Shining One.
  1777 | D:2      | Found a sacrificial altar of Ru.
  1819 | D:2      | Noticed Natasha
  1823 | D:2      | Killed Natasha
  1823 | D:2      | Reached skill level 6 in Axes
  1823 | D:2      | Reached XP level 5. HP: 43/47 MP: 4/4
  1845 | D:3      | Reached skill level 5 in Fighting
  1954 | D:3      | Noticed a centaur
  1964 | D:3      | Killed a centaur
  2002 | D:3      | Reached skill level 7 in Axes
  2048 | D:3      | Reached XP level 6. HP: 56/56 MP: 5/5
  2075 | D:3      | Noticed Sigmund
  2092 | D:3      | Killed Sigmund
  2099 | D:3      | Reached *** piety under Trog
  2661 | D:4      | Reached skill level 8 in Axes
  2664 | D:4      | Reached XP level 7. HP: 53/63 MP: 6/6
  2781 | D:4      | Found a glowing drain.
  2846 | Sewer    | Entered a sewer
  2977 | Sewer    | Reached **** piety under Trog
  3612 | D:4      | Found an iron altar of Okawaru.
  4168 | D:5      | Entered Level 5 of the Dungeon
  4205 | D:5      | Reached skill level 9 in Axes
  4565 | D:5      | Reached XP level 8. HP: 67/73 MP: 7/7
  4655 | D:5      | Found an opulent altar of Gozag.
  4760 | D:5      | Reached skill level 10 in Axes
  5827 | D:6      | Reached ***** piety under Trog
  5919 | D:7      | Reached skill level 11 in Axes
  6153 | D:7      | Found a staircase to the Ecumenical Temple.
  6320 | D:7      | Reached XP level 9. HP: 82/82 MP: 8/8
  6331 | D:7      | Noticed Menkaure
  6338 | D:7      | Killed Menkaure
  6338 | D:7      | Reached skill level 12 in Axes
  6479 | D:7      | Found a sand-covered staircase.
  6498 | Ossuary  | Entered an ossuary
  7444 | D:7      | You fall through a shaft for 2 floors!
  7474 | D:9      | Reached skill level 13 in Axes
  7536 | D:8      | Reached skill level 10 in Fighting
  8105 | D:8      | Reached XP level 10. HP: 55/94 MP: 9/9
  8112 | D:8      | Received a gift from Trog
  8112 | D:8      | Reached skill level 14 in Axes
  8397 | D:8      | Found a staircase to the Lair.
  9065 | D:9      | Paralysed by a hornet for 3 turns
  9445 | D:9      | Found a shimmering altar of Xom.
  9680 | D:10     | Entered Level 10 of the Dungeon
  9696 | D:10     | Noticed a two-headed ogre
  9734 | D:9      | Killed a two-headed ogre
 10017 | D:10     | Reached skill level 5 in Armour
 10339 | D:10     | Killed an unseen horror
 10339 | D:10     | Reached skill level 5 in Dodging
 10993 | Lair:1   | Entered Level 1 of the Lair of Beasts
 11044 | Lair:1   | Noticed a spiny frog
 11044 | Lair:1   | Noticed a spiny frog
 11045 | Lair:1   | Noticed a spiny frog
 11053 | Lair:1   | Killed a spiny frog
 11054 | Lair:1   | Killed a spiny frog
 11054 | Lair:1   | Reached skill level 15 in Axes
 11054 | Lair:1   | Reached XP level 11. HP: 35/101 MP: 3/10
 11967 | Lair:1   | Identified a scroll of acquirement
 12205 | Lair:1   | Got a pair of twisted boots
 12206 | Lair:1   | Identified the +2 pair of boots of Inoluesch {+Fly Dex+5} (You found it on level 1 of the Lair of Beasts)
 12305 | Lair:2   | Received a gift from Trog
 12452 | Lair:2   | Noticed Nergalle
 12464 | Lair:2   | Found a hole to the Spider Nest.
 12658 | Lair:2   | Killed Nergalle
 13043 | Lair:2   | Noticed an eight-headed hydra
 13051 | Lair:2   | Killed a nine-headed hydra
 13051 | Lair:2   | Reached skill level 16 in Axes
 13653 | Lair:3   | Noticed an oklob plant
 13659 | Lair:3   | Reached XP level 12. HP: 108/108 MP: 11/11
 13854 | Lair:3   | Reached skill level 10 in Armour
 14437 | Lair:4   | Found a staircase to the Swamp.
 14448 | Lair:4   | Received a gift from Trog
 14464 | Lair:4   | Reached skill level 10 in Dodging
 14729 | Lair:4   | You fall through a shaft for 2 floors!
 14729 | Lair:6   | Entered Level 6 of the Lair of Beasts
 14737 | Lair:6   | Reached skill level 17 in Axes
 15152 | Lair:4   | Noticed an eight-headed hydra
 15160 | Lair:4   | Killed a nine-headed hydra
 15665 | Lair:4   | Reached XP level 13. HP: 99/115 MP: 12/12
 16862 | Lair:5   | Got a smoking cloak
 16863 | Lair:5   | Found a staircase to the Slime Pits.
 16878 | Lair:5   | Identified the +0 cloak of Gluttony {rF+ Regen+ Dex-2 Stlth+} (You found it on level 5 of the Lair of Beasts)
 17457 | Lair:6   | Reached skill level 18 in Axes
 18076 | Lair:6   | Received a gift from Trog
 18088 | Lair:6   | Got a crude battleaxe {god gift}
 18089 | Lair:6   | Identified the +9 battleaxe of World Downfall {freeze, +Fly Str-2 Int+3 Dex+8} (Trog gifted it to you on level 6 of the Lair of Beasts)
 18182 | Lair:6   | Noticed a dire elephant
 18182 | Lair:6   | Noticed a dire elephant
 18191 | Lair:6   | Killed a dire elephant
 18193 | Lair:6   | Noticed a dire elephant
 18199 | Lair:6   | Killed a dire elephant
 18204 | Lair:6   | Killed a dire elephant
 18353 | Lair:6   | Noticed a dire elephant
 18360 | Lair:6   | Killed a dire elephant
 18619 | D:11     | Reached XP level 14. HP: 122/122 MP: 13/13
 18725 | D:11     | Found a staircase to the Orcish Mines.
 19062 | D:11     | Noticed Snorg
 19068 | D:11     | Killed Snorg
 20350 | D:13     | Reached skill level 19 in Axes
 20459 | D:13     | Got a spiked plate armour
 20460 | D:13     | Identified the cursed +1 plate armour of the Sky {*Corrode rElec Str+2} (You found it on level 13 of the Dungeon)
 20621 | D:13     | Found a gate to the Vaults.
 21311 | D:14     | Reached skill level 1 in Evocations
 21563 | D:14     | Found Madghemm's Weapon Emporium.
 22005 | D:14     | Received a gift from Trog
 22509 | D:15     | Entered Level 15 of the Dungeon
 22597 | D:15     | Reached ****** piety under Trog
 22651 | D:15     | Received a gift from Trog
 22654 | D:15     | Reached XP level 15. HP: 113/132 MP: 15/15
 22690 | D:15     | Found a staircase to the Depths.
 22947 | D:15     | Reached skill level 15 in Armour
 23164 | D:15     | Reached skill level 20 in Axes
 23646 | Orc:1    | Entered Level 1 of the Orcish Mines
 24010 | Orc:2    | Entered Level 2 of the Orcish Mines
 24074 | Orc:2    | Found a staircase to the Elven Halls.
 24332 | Orc:2    | Received a gift from Trog
 24667 | Orc:2    | Found Guece Deg's Food Emporium.
 24672 | Orc:2    | Found Zotorykh's Distillery.
 25213 | Orc:2    | Received a gift from Trog
 25385 | Orc:2    | Found Wydghi's Gadget Shop.
 25385 | Orc:2    | Found a one-way gate leading to the halls of Pandemonium.
 25385 | Orc:2    | Found Tiuvve's Antique Weapon Boutique.
 25478 | Orc:2    | Found Jemmor Azizu's Jewellery Shop.
 25676 | Orc:1    | Noticed Josephine
 25683 | Orc:1    | Killed Josephine
 25683 | Orc:1    | Reached skill level 5 in Evocations
 25981 | Swamp:1  | Entered Level 1 of the Swamp
 26459 | Swamp:1  | Reached XP level 16. HP: 143/143 MP: 18/18
 27029 | Swamp:1  | Reached skill level 21 in Axes
 27578 | Swamp:2  | Noticed a thorn hunter
 27589 | Swamp:2  | Killed a thorn hunter
 28238 | Swamp:3  | Noticed a thorn hunter
 28239 | Swamp:3  | Noticed a thorn hunter
 28249 | Swamp:3  | Killed a thorn hunter
 28257 | Swamp:3  | Received a gift from Trog
 28266 | Swamp:3  | Killed a thorn hunter
 28332 | Swamp:3  | HP: 4/144 [ghost crab] (10)]
 28335 | Swamp:3  | Engulfed by a ghost crab's spectral mist

Vault maps used:
D:1:      kennysheep_arrival_forest
D:2:      minitemple, uniq_natasha, uniq_terence
D:3:      first_ration, uniq_sigmund
D:4:      lemuel_crystal_altar, gup_sewer_entry_glass
D:5:      grunt_gozag_statues
D:7:      temple_fountains, gup_ossuary_entry_pyramid, uniq_menkaure
D:8:      erik_lair_dragon
D:9:      kennysheep_mini_moat, grunt_pizzeria
D:11:     orc_0_dummy, uniq_snorg
D:12:     centaur_isle
D:13:     grunt_vaults_entry_fortified
D:14:     serial_shops, shop, hangedman_decor_riveting
D:15:     gammafunk_depths_entry_grave, serial_glass, glass_columns_a,
          glass_columns_a
Lair:1:   beast_lair_carwin_2, serial_bayou_shore_a
Lair:2:   nicolae_spider_entry_tight_spaces, serial_bayou_shore_b, uniq_nergalle
Lair:3:   minmay_lair_oklob_chamber
Lair:4:   minmay_swamp_entry_wisps, guppyfry_lair_drakes
Lair:5:   minmay_slime_entry_jelly_boxes
Lair:6:   due_jungle_book
Swamp:1:  evilmike_swamp_ruin_house_1, cheibrodos_swamp_slimy
Swamp:2:  evilmike_swamp_ruin_house_5, swamp_pool4, infiniplex_staircase_pool
Swamp:3:  evilmike_swamp_ruin_rubble_2, swamp_pool4
Orc:1:    uniq_josephine
Orc:2:    pf_orc_diabolical, serial_shops, nicolae_shop_behind_doors,
          nicolae_orc_rockfall
Sewer:    sewer_minmay_treatment
Ossuary:  ossuary_minmay_scorpions

Skill      XL: |  1  2  3  4  5  6  7  8  9 10 11 12 13 14 15 16 |
---------------+-------------------------------------------------+-----
Axes           | 4 5 6 7 8 9 11 13 15 16 17 18 19 20 21 | 21.4
Fighting       | 4 5 6 7 8 10 11 13 | 13.6
Armour         | 6 9 11 13 14 15 | 15.0
Dodging        | 5 8 10 12 13 14 | 14.9
Evocations     | 2 5 6 |  6.2

Action                   |  1- 3 |  4- 6 |  7- 9 | 10-12 | 13-15 | 16-18 || total
-------------------------+-------+-------+-------+-------+-------+-------++-------
Melee: Hand axe          |    77 |   102 |   534 |     7 |       |       ||   720
       Headbutt          |     9 |    13 |   117 |    91 |   263 |    66 ||   559
       Broad axe         |       |       |       |   175 |       |       ||   175
       Executioner's axe |       |       |       |   237 |  1018 |   168 ||  1423
       Great mace        |       |       |       |     1 |       |       ||     1
       Unarmed           |       |       |       |       |       |    24 ||    24
Invok: Berserk           |     1 |     2 |     2 |     4 |     4 |     2 ||    15
       Brothers in Arms  |       |       |       |     9 |     3 |       ||    12
       Trog's Hand       |       |       |       |       |     8 |     2 ||    10
 Abil: Evoke Flight      |       |       |       |       |     2 |       ||     2
Evoke: Lamp of fire      |       |       |       |       |     1 |     1 ||     2
       Fan of gales      |       |       |       |       |     1 |       ||     1
       Phial of floods   |       |       |       |       |     1 |       ||     1
  Use: Scroll            |       |     8 |    15 |     4 |     7 |     3 ||    37
       Potion            |       |       |       |     1 |     3 |     7 ||    11
 Stab: Confused          |       |       |       |       |       |     4 ||     4
  Eat: Chunk             |     2 |     6 |    15 |    28 |    45 |     3 ||    99
       Ration            |       |       |     3 |     1 |     1 |     2 ||     7
Armor: Animal skin       |     6 |       |       |       |       |       ||     6
       Chain mail        |    27 |    54 |   166 |     4 |       |       ||   251
       Plate armour      |       |       |       |   313 |   487 |   169 ||   969
Dodge: Dodged            |    44 |    41 |   150 |   259 |   694 |   222 ||  1410
Block: Other             |       |    10 |    42 |    55 |   112 |    29 ||   248
       Reflection        |       |       |     1 |       |     7 |       ||     8

Table legend:
 A = Spawn XP
 B = Non-spawn XP
 C = Spawn XP percentage of total XP
 D = Spawn monster count
 E = Non-spawn monster count
 F = Spawn count percentage of total count
 G = Total turns spent on level
                    A         B        C        D         E        F      G
               +---------+---------+-------+---------+---------+-------+---------
         Total |       0 |  182199 |   0.0 |       0 |     886 |   0.0 | 28335
               +---------+---------+-------+---------+---------+-------+---------
           D:1 |       0 |      32 |   0.0 |       0 |      21 |   0.0 |   570
           D:2 |       0 |     176 |   0.0 |       0 |      22 |   0.0 |  1264
           D:3 |       0 |     436 |   0.0 |       0 |      28 |   0.0 |   719
           D:4 |       0 |     187 |   0.0 |       0 |      13 |   0.0 |   884
           D:5 |       0 |     595 |   0.0 |       0 |      19 |   0.0 |   850
           D:6 |       0 |     484 |   0.0 |       0 |      20 |   0.0 |   900
           D:7 |       0 |     994 |   0.0 |       0 |      21 |   0.0 |  1449
           D:8 |       0 |    1978 |   0.0 |       0 |      25 |   0.0 |  1397
           D:9 |       0 |    1988 |   0.0 |       0 |      17 |   0.0 |  1171
          D:10 |       0 |    2396 |   0.0 |       0 |      28 |   0.0 |   891
          D:11 |       0 |    5922 |   0.0 |       0 |      31 |   0.0 |   762
          D:12 |       0 |    5445 |   0.0 |       0 |      24 |   0.0 |   907
          D:13 |       0 |   10884 |   0.0 |       0 |      37 |   0.0 |   969
          D:14 |       0 |   11487 |   0.0 |       0 |      38 |   0.0 |  1387
          D:15 |       0 |   24500 |   0.0 |       0 |      64 |   0.0 |  1055
        Lair:1 |       0 |    4084 |   0.0 |       0 |      18 |   0.0 |  1255
        Lair:2 |       0 |    5799 |   0.0 |       0 |      27 |   0.0 |  1206
        Lair:3 |       0 |    8190 |   0.0 |       0 |      28 |   0.0 |  1021
        Lair:4 |       0 |   10705 |   0.0 |       0 |      40 |   0.0 |  1684
        Lair:5 |       0 |    7535 |   0.0 |       0 |      39 |   0.0 |   844
        Lair:6 |       0 |   17559 |   0.0 |       0 |      52 |   0.0 |  1470
       Swamp:1 |       0 |   10854 |   0.0 |       0 |      31 |   0.0 |  1152
       Swamp:2 |       0 |   16069 |   0.0 |       0 |      32 |   0.0 |  1099
       Swamp:3 |       0 |    7489 |   0.0 |       0 |      12 |   0.0 |   103
         Orc:1 |       0 |    3085 |   0.0 |       0 |      16 |   0.0 |   496
         Orc:2 |       0 |   22363 |   0.0 |       0 |     110 |   0.0 |  1653
         Sewer |       0 |     154 |   0.0 |       0 |      48 |   0.0 |   731
       Ossuary |       0 |     809 |   0.0 |       0 |      25 |   0.0 |   446
               +---------+---------+-------+---------+---------+-------+---------
